 Dungeon Crawl Stone Soup version 0.29.0-11-gd7f09526c8 (webtiles) character file.

Game seed: 15510259087967735650

138 smilodon the Trooper (level 5, -4/33 (42) HPs)
             Began as a Demonspawn Fighter on Sept 3, 2022.
             Slain by a hell rat (7 damage)
             ... in a sewer.
             The game lasted 00:04:41 (2388 turns).

smilodon the Trooper (Demonspawn Fighter)           Turns: 2388, Time: 00:04:41

HP:   -4/33 (42)    AC: 10    Str: 18    XL:     5   Next: 1%
MP:   5/5           EV: 10    Int: 10    God:
Gold: 94            SH:  4    Dex: 12    Spells: 4/4 levels left

rFire   . . .      SeeInvis .   a - +1 war axe
rCold   . . .      Faith    .   c - +0 buckler
rNeg    . . .      Spirit   .   e - +0 ring mail
rPois   .          Reflect  .   f - +0 helmet
rElec   .          Harm     .   g - +1 cloak
rCorr   .          Rampage  .   m - +0 pair of gloves
Will    .....                   (no boots)
Stlth   +.........              (no amulet)
HPRegen 0.11/turn               (no ring)
MPRegen 0.09/turn               (no ring)

@: heavily drained
A: powered by death 2
a: no special abilities


You were in a sewer.
You visited 1 branch of the dungeon, and saw 3 of its levels.
You also visited: Sewer.

You collected 94 gold pieces.

Inventory:

Hand Weapons
 a - a +1 war axe (weapon)
Armour
 b - a +0 scale mail
 c - a +0 buckler (worn)
 e - a +0 ring mail (worn)
 f - a +0 helmet (worn)
 g - a +1 cloak (worn)
 m - a +0 pair of gloves (worn)
Jewellery
 o - a ring of flight
Scrolls
 j - a scroll of noise
 k - a scroll of enchant weapon
 p - 2 scrolls of identify
Potions
 d - a potion of heal wounds
 l - a potion of brilliance


   Skills:
 + Level 3.6 Fighting
 + Level 3.4 Axes
 + Level 3.3 Armour
 + Level 0.8 Dodging
 + Level 2.9 Shields


You had 4 spell levels left.
You didn't know any spells.
Your spell library was empty.

Dungeon Overview and Level Annotations

Branches:
Dungeon (3/15)              Sewer (1/1)

Altars:

Shops:
D:2 =


Innate Abilities, Weirdness & Mutations

You regenerate health from kills.


Message History

Aim: a hell rat (severely wounded, 57% to hit)
You throw a poisoned dart.
The poisoned dart barely misses the hell rat.
Throw: 2 darts (poison)
Press: ? - help, Q - select action Shift-Dir - straight line, f/p - hell rat
Aim: a hell rat (severely wounded, 57% to hit)
You throw a poisoned dart. The poisoned dart hits the hell rat.
The hell rat is severely wounded.
Throw: dart (poison)
Press: ? - help, Q - select action Shift-Dir - straight line, f/p - hell rat
Aim: a hell rat (severely wounded, 57% to hit)
You throw a poisoned dart.
The poisoned dart closely misses the hell rat.
The hell rat bites you.
You feel drained.
You see here a scroll of identify.
You hit the hell rat but do no damage.
The hell rat is severely wounded.
The hell rat bites you!
* * * LOW HITPOINT WARNING * * *
The hell rat completely misses you.
You closely miss the hell rat.
The hell rat is severely wounded.
You block the hell rat's attack. The hell rat bites you.
* * * LOW HITPOINT WARNING * * *
You feel drained.
* * * LOW HITPOINT WARNING * * *
Okay, then.
You closely miss the hell rat.
The hell rat is severely wounded.
The hell rat bites you.
* * * LOW HITPOINT WARNING * * *
You feel drained.
* * * LOW HITPOINT WARNING * * *
The hell rat barely misses you. You block the hell rat's attack.
There is a gate leading back out of this place here.
The hell rat bites you but does no damage.
You see here a potion of heal wounds.
d - a potion of heal wounds The hell rat bites you!
You die...

#########
###..~.~..###
#r~~.~~..~~~###
....##'##.~..~#
~~###.~~###~~~##
##~~~~~~.##~~~# ~
#...~~~.~(#~~~#
.~##~.?r?((##†~~#
.~.###?∩@###..~##
.~..~#####~...~#
#..~..∩.~††~###
###~..∩.~.###
#########


You could see a hell rat.

Vanquished Creatures
  A howler monkey (D:2)
  3 adders
  2 worms (D:2)
  A dart slug (D:1)
  6 ball pythons
  8 endoplasms
  A giant cockroach (D:2)
  4 goblins
  5 hobgoblins
  8 jackals
  2 quokkas (D:1)
  4 bats
  4 frilled lizards
  5 kobolds
  10 rats
64 creatures vanquished.

Notes
Turn   | Place    | Note
-------+----------+-------------------------------------------
     0 | D:1      | smilodon the Demonspawn Fighter began the quest for the
                  | Orb.
     0 | D:1      | Reached XP level 1. HP: 18/18 MP: 1/1
   140 | D:1      | Gained mutation: You regenerate a little health from kills.
                  | [demonic ancestry]
   140 | D:1      | Reached XP level 2. HP: 10/24 MP: 2/2
   923 | D:1      | Gained mutation: You regenerate health from kills. [demonic
                  | ancestry]
   923 | D:1      | Reached XP level 3. HP: 26/29 MP: 3/3
  1356 | D:2      | Found a faded altar of an unknown god.
  1357 | D:2      | Noticed a floating eye
  1364 | D:2      | Noticed a floating eye
  1369 | D:2      | Noticed a floating eye
  1384 | D:2      | Noticed an eye of devastation
  1493 | D:2      | Found Pial's Jewellery Emporium.
  1560 | D:2      | Reached XP level 4. HP: 35/35 MP: 4/4
  2321 | D:3      | Found a glowing drain.
  2337 | Sewer    | Entered a sewer
  2341 | Sewer    | Reached XP level 5. HP: 42/42 MP: 5/5
  2372 | Sewer    | HP: 1/38 [hell rat (2)]
  2388 | Sewer    | Slain by a hell rat

Illustrated notes

Levels and vault maps discovered:
D:1:      matt_arrival_diagonals, layout_basic, minmay_pentomino_t4
D:2:      layout_basic, serial_glass, glass_columns_a, glass_columns_a,
          serial_shops, nicolae_shop_hallway_plus,
          hellmonk_ecumenical_altar_watching_god, grunt_ministairs_14,
          small_statue_intersection
D:3:      layout_basic, ebering_ghost_rock_garden, portal_sewer_entry_d,
          chequers_serial_rivers_large_b, uniq_crazy_yiuf_cottage
Sewer:    sewer_hellmonk_bad_rat

Skill      XL: |  1  2  3  4 |
---------------+-------------+-----
Axes           | 2 3 |  3.4
Armour         | 3 |  3.3
Fighting       | |  3.6
Dodging        | |  0.8
Shields        | |  2.9

Action                   |  1- 3 |  4- 6 || total
-------------------------+-------+-------++-------
Melee: War axe           |   158 |    55 ||   213
Throw: Dart              |       |     3 ||     3
  Use: Potion            |     3 |     6 ||     9
       Scroll            |     4 |     3 ||     7
Armor: Scale mail        |    52 |       ||    52
       Ring mail         |    47 |    23 ||    70
Dodge: Dodged            |    93 |    33 ||   126
Block: Buckler           |    41 |    14 ||    55
